 Dungeon Crawl Stone Soup version 0.29-a0-398-ge13fd1374b (webtiles) character file.

Game seed: 11262607084212624918

165 siradein the Chiller (level 5, -3/35 HPs)
             Began as a Demonspawn Ice Elementalist on May 12, 2022.
             Killed by nerve-wracking pain
             ... invoked by Grinder
              (14 damage)
             ... on level 3 of the Dungeon.
             The game lasted 00:09:11 (2609 turns).

siradein the Chiller (Demonspawn Ice Elementalist)  Turns: 2609, Time: 00:09:12

Health: -3/35      AC:  9    Str:  9    XL:     5   Next: 22%
Magic:  2/10       EV: 12    Int: 18    God:
Gold:   171        SH:  5    Dex: 13    Spells: 4/11 levels left

rFire   x . .      SeeInvis .   g - +2 dagger (protect)
rCold   + . .      Faith    .   (no shield)
rNeg    . . .      Spirit   .   a - +0 robe
rPois   .          Reflect  +   (no helmet)
rElec   .          Harm     .   (no cloak)
rCorr   .          Rampage  .   (no gloves)
Will    .....                   (no boots)
Stlth   ++........              f - amulet of reflection
HPRegen 0.11/turn               n - ring of ice
MPRegen 0.12/turn               (no ring)

@: under a protective aura
A: foul stench 1
a: no special abilities


You were on level 3 of the Dungeon.
You visited 1 branch of the dungeon, and saw 3 of its levels.

You collected 171 gold pieces.

Inventory:

Hand Weapons
 g - a +2 dagger of protection (weapon)
Armour
 a - a +0 robe (worn)
Jewellery
 f - an amulet of reflection (around neck)
 m - an amulet of guardian spirit
 n - a ring of ice (left hand)
 p - an amulet of the acrobat
Scrolls
 d - a scroll of magic mapping
 e - 3 scrolls of vulnerability
 h - a scroll of blinking
 i - a scroll of torment {unknown}
 j - a scroll of noise {unknown}
 o - a scroll of teleportation {unknown}
Potions
 b - 2 potions of magic
 c - a potion of might {unknown}
 k - 2 potions of heal wounds
 l - 3 potions of curing
 q - a potion of haste {unknown}


   Skills:
 - Level 1.7 Dodging
 - Level 1.7 Stealth
 + Level 3.8 Spellcasting
 + Level 4.9 Ice Magic


You had 4 spell levels left.
You knew the following spells:

 Your Spells              Type           Power      Damage    Failure   Level
a - Freeze                Ice            100%       1d11      1%          1
b - Frozen Ramparts       Ice            62%        1d8       6%          3
c - Ozocubu's Armour      Ice            31%        N/A       6%          3

Your spell library contained the following spells:

 Spells                   Type           Power      Damage    Failure   Level
 Hailstorm                Conj/Ice       18%        3d6       47%         4


Dungeon Overview and Level Annotations

Branches:
Dungeon (3/15)

Altars:

Shops:
D:2 (

Annotations:
D:3 Grinder


Innate Abilities, Weirdness & Mutations

You may rarely emit foul miasma when damaged in melee.


Message History

You barely miss Grinder.
Grinder is moderately wounded.
Grinder completely resists.
The wall freezes Grinder but does no damage.
You block Grinder's attack.
You hit Grinder.
Grinder is moderately wounded.
Grinder completely resists.
The wall freezes Grinder but does no damage.
Grinder blinks!
Your frozen ramparts will break if you move.
Continue?
The frozen ramparts melt away as you move.
Grinder says, "FISH!"
Grinder gestures at you. You resist with significant effort.
Grinder gestures at you. You resist with significant effort.
You hit Grinder but do no damage.
Your weapon exudes an aura of protection.
Grinder is lightly wounded.
Grinder hits you but does no damage.
You hit Grinder but do no damage.
Grinder is lightly wounded.
Grinder hits you.
You writhe in agony.
Casting: Freeze (safe; 1% risk of failure)
Confirm with . or Enter, or press ? or * to list all spells.
You don't have enough magic to cast this spell.
Unknown command.
Unknown command.
You hit Grinder.
Grinder is moderately wounded.
Grinder hits you but does no damage.
You hit Grinder.
Grinder is moderately wounded.
Grinder hits you but does no damage.
You barely miss Grinder.
Grinder is moderately wounded.
Grinder gestures at you. Pain shoots through your body!
You die...

###### #....# #.##.# #.##.#
#.##.#
###########.##.##################
#>)............5@................
..†###.#######.##################
...# #.# #.# ....... ...# #.# #.#
####### ...###.# #5#### ...+...#
#....# ....#### ####5# #'#.##
#... #.#..# ...##


You could see Grinder.

Vanquished Creatures
  Jessica (D:2)
  Natasha (D:3)
  2 adders
  3 gnolls (D:3)
  A worm (D:2)
  3 ball pythons (D:1)
  3 endoplasms (D:1)
  3 giant cockroaches
  6 goblins
  6 hobgoblins
  8 jackals
  4 kobolds
  3 quokkas
  7 bats
  3 frilled lizards
  5 rats
59 creatures vanquished.

Notes
Turn   | Place    | Note
-------+----------+-------------------------------------------
     0 | D:1      | siradein the Demonspawn Ice Elementalist began the quest
                  | for the Orb.
     0 | D:1      | Reached XP level 1. HP: 13/13 MP: 3/3
   282 | D:1      | Gained mutation: You may rarely emit foul miasma when
                  | damaged in melee. [demonic ancestry]
   282 | D:1      | Reached XP level 2. HP: 16/19 MP: 0/5
   586 | D:1      | Reached skill level 4 in Ice Magic
   743 | D:1      | Reached XP level 3. HP: 24/24 MP: 0/7
   750 | D:1      | Learned a level 3 spell: Frozen Ramparts
   754 | D:1      | Learned a level 3 spell: Ozocubu's Armour
  1272 | D:2      | Found Itic's Weapon Shoppe.
  1290 | D:2      | Found a faded altar of an unknown god.
  1736 | D:2      | Noticed Jessica
  1740 | D:2      | Reached XP level 4. HP: 30/30 MP: 6/8
  1751 | D:2      | Killed Jessica
  2178 | D:3      | Noticed Natasha
  2182 | D:3      | Killed Natasha
  2314 | D:3      | Reached XP level 5. HP: 21/35 MP: 6/10
  2575 | D:3      | Noticed Grinder
  2583 | D:3      | Paralysed by Grinder for 4 turns
  2609 | D:3      | Killed from afar by Grinder

Illustrated notes

Levels and vault maps discovered:
D:1:      ncdulo_watergridlock, layout_loops_ring
D:2:      layout_rooms, shapermc_ecumenical_altar_acropolis, serial_shops,
          nicolae_shop_crystal, minivault_5, kennysheep_jessica_study
D:3:      layout_basic, nrook_loot_triangle, minmay_pentangle, uniq_grinder,
          uniq_jessica, uniq_natasha

Skill      XL: |  1  2  3 |
---------------+----------+-----
Ice Magic      | 4 |  4.9
Spellcasting   | 3 |  3.8
Dodging        | |  1.7
Stealth        | |  1.7

Action                   |  1- 3 |  4- 6 || total
-------------------------+-------+-------++-------
Melee: Dagger            |    21 |     8 ||    29
 Cast: Freeze            |    58 |    17 ||    75
       Frozen Ramparts   |       |     5 ||     5
  Use: Scroll            |       |     5 ||     5
Armor: Robe              |    10 |     3 ||    13
Dodge: Dodged            |    26 |     7 ||    33
Block: Other             |    12 |     8 ||    20
       Reflection        |       |     2 ||     2

Table legend: (Time is in decaauts)
 A = Elapsed time spent in this place.
 B = Non-inter-level travel time spent in this place.
 C = Inter-level travel time spent in this place.
 D = Time resting spent in this place.
 E = Time spent auto-exploring this place.
 F = Levels seen in this place.
 G = Mean time per level.
                   A        B        C        D        E       F      G
               +--------+--------+--------+--------+--------+-----+--------+
         Total |   2614 |   2565 |     49 |      0 |   2173 |   3 |  871.3 |
       Dungeon |   2614 |   2565 |     49 |      0 |   2173 |   3 |  871.3 |
               +--------+--------+--------+--------+--------+-----+--------+

Top non-repeatable levels by time:
     D:1: 1173 daAuts
     D:2: 925 daAuts
     D:3: 515 daAuts
